 Dungeon Crawl Stone Soup version 0.19-a0-1032-g6b228a8 (webtiles) character file.

1439 FrankyJ the Gusty (level 8, -1/78 HPs)
             Began as a High Elf Air Elementalist on July 27, 2016.
             Was an Initiate of Sif Muna.
             Slain by a black bear (6 damage)
             ... on level 6 of the Dungeon on July 29, 2016.
             The game lasted 00:34:24 (6586 turns).

FrankyJ the Gusty (High Elf Air Elementalist)       Turns: 6586, Time: 00:34:24

Health: -1/78      AC:  7    Str: 18    XL:     8   Next: 45%
Magic:  17/18      EV: 13    Int: 20    God:    Sif Muna [......]
Gold:   299        SH:  0    Dex: 15    Spells: 2 memorised, 13 levels left

rFire  . . .     SeeInvis .     e - +2 dagger (distort)
rCold  . . .     Gourm    .     E - +2 robe {rN+}
rNeg   + . .     Faith    .     (no shield)
rPois  .         Spirit   .     y - +0 helmet
rElec  .         Dismiss  .     (no cloak)
rCorr  .         Reflect  .     (no gloves)
SustAt .         Harm     .     o - +1 pair of boots
MR     .....                    s - amulet of magic regeneration
Stlth  ..........               (no ring)
                                H - +4 ring of strength

@: berserking, very quick, not resistant to hostile enchantments, extremely
unstealthy
A: no striking features
a: Renounce Religion


You were on level 6 of the Dungeon.
You worshipped Sif Muna.
Sif Muna was noncommittal.
You were hungry.

You visited 2 branches of the dungeon, and saw 7 of its levels.

You collected 299 gold pieces.

Inventory:

Hand Weapons
 e - a +2 dagger of distortion (weapon)
 q - a cursed -1 arbalest
 z - a +0 rapier
Missiles
 A - 15 poisoned needles
Armour
 j - a +0 shield
 o - a +1 pair of boots (worn)
 y - a +0 helmet (worn)
 E - a +2 robe of positive energy (worn)
Jewellery
 k - an uncursed amulet of regeneration
 s - an amulet of magic regeneration (around neck)
 H - a +4 ring of strength (left hand)
Wands
 D - a wand of flame (17/48)
Scrolls
 h - 2 scrolls of identify
 i - a scroll of noise {unknown}
 m - 3 scrolls of magic mapping {unknown}
 u - 6 scrolls of remove curse {unknown}
 w - 2 scrolls of teleportation {unknown}
 x - 2 scrolls of immolation {unknown}
 B - a scroll of fog {unknown}
 C - a scroll of enchant weapon {unknown}
Potions
 f - 2 potions of ambrosia {unknown}
 l - 2 potions of degeneration {unknown}
 n - a potion of haste {unknown}
 p - 4 potions of berserk rage
 r - a potion of heal wounds {unknown}
 v - 3 potions of curing {unknown}
 F - a potion of mutation {unknown}
 G - a potion of lignification {unknown}
Books
 b - a book of Air

   Spells                             Type                      Level
   a - Shock                          Conjuration/Air              1
   b - Swiftness                      Charms/Air                   2
   c - Repel Missiles                 Charms/Air                   2
   d - Static Discharge               Conjuration/Air              3
   e - Lightning Bolt                 Conjuration/Air              5
Comestibles
 c - 2 bread rations
 g - 4 meat rations
 t - 2 slices of pizza


   Skills:
 - Level 3.3 Fighting
 - Level 2.1 Short Blades
 + Level 3.0 Dodging
 - Level 2.1 Stealth
 - Level 6.2 Spellcasting
 - Level 6.3 Conjurations
 - Level 7.2 Air Magic


You had 13 spell levels left.
You knew the following spells:

 Your Spells              Type           Power        Failure   Level  Hunger
a - Shock                 Conj/Air       ####         1%          1    None
b - Lightning Bolt        Conj/Air       ####......   21%         5    #####..


Dungeon Overview and Level Annotations

Branches:
Dungeon (6/15)             Temple (1/1) D:6

Altars:
Cheibriados
Dithmenos
Fedhas
Gozag
Hepliaklqana
Kikubaaqudgha
Makhleb
Nemelex Xobeh
Okawaru
Pakellas
Qazlal
Ru
Sif Muna
Trog
Uskayaw
Vehumet
Xom


Message History

The black bear closely misses you.
The black bear claws you but does no damage.
The black bear closely misses you. The black bear bites you!
The black bear claws you. x2
The black bear bites you!
* * * LOW HITPOINT WARNING * * *
The black bear claws you but does no damage.
The black bear barely misses you.
You see here 9 bolts.
The black bear misses you.
The black bear claws you but does no damage. x2
There is a staircase to the Ecumenical Temple here.
The black bear bites you!
* * * LOW HITPOINT WARNING * * *
The black bear claws you but does no damage.
The black bear barely misses you.
It was a potion of berserk rage.
A red film seems to cover your vision as you go berserk!
You feel yourself moving faster!
You feel mighty! The black bear bites you.
You die...

#### #.# #.# #<# #.# #.#
#.# #.# #.# #.# #.# #.#
#.# #.# #.#
#.####################.#
#..........@h.(........#
######################.#
#.# ###


You could see a black bear (berserk).

Vanquished Creatures
  Prince Ribbit (D:5)
  An ice beast (D:5)
  An ogre (D:5)
  2 scorpions
  A water moccasin skeleton (D:5)
  2 crimson imps
  3 orc priests
  A giant frog skeleton (D:5)
  4 hounds
  A jelly (D:5)
  3 orc wizards
  Jessica (D:2)
  Ijyb (D:2)
  An iguana (D:6)
  2 worker ants
  6 gnolls
  5 adders
  An adder zombie (D:6)
  2 adder skeletons
  2 worms (D:2)
  3 dart slugs
  4 giant geckos
  29 orcs
  A ball python (D:6)
  11 bats
  3 giant cockroaches
  3 goblins (D:1)
  10 hobgoblins
  13 kobolds
  2 quokkas
  8 giant newts
  A jackal skeleton (D:5)
  A quokka zombie (D:5)
  5 rats (D:2)
135 creatures vanquished.

Vanquished Creatures (others)
  An ice beast (D:5)
  5 sheep (D:6)
  An adder (D:2)
  2 orcs
9 creatures vanquished.

Grand Total: 144 creatures vanquished

Notes
Turn   | Place    | Note
-------+----------+-------------------------------------------
     0 | D:1      | FrankyJ the High Elf Air Elementalist began the quest for the Orb.
     0 | D:1      | Reached XP level 1. HP: 11/11 MP: 4/4
   183 | D:1      | Reached XP level 2. HP: 17/17 MP: 6/6
   618 | D:1      | Found a sparkling altar of Nemelex Xobeh.
   791 | D:1      | Reached XP level 3. HP: 17/21 MP: 7/7
  1040 | D:2      | Noticed Jessica
  1046 | D:2      | Killed Jessica
  1313 | D:2      | Reached XP level 4. HP: 27/27 MP: 2/9
  1952 | D:2      | Noticed Ijyb
  1960 | D:2      | Killed Ijyb
  1960 | D:2      | Reached XP level 5. HP: 31/31 MP: 2/12
  2317 | D:3      | Found a blossoming altar of Fedhas.
  2701 | D:3      | Reached skill level 4 in Air Magic
  2803 | D:3      | Found a bloodstained altar of Trog.
  2804 | D:3      | Found a burning altar of Makhleb.
  2805 | D:3      | Found an ancient bone altar of Kikubaaqudgha.
  3008 | D:4      | Reached skill level 5 in Air Magic
  3057 | D:4      | Reached XP level 6. HP: 23/36 MP: 8/13
  3511 | D:5      | Entered Level 5 of the Dungeon
  3624 | D:5      | Noticed an ice beast
  3694 | D:5      | Reached skill level 6 in Air Magic
  3911 | D:5      | Noticed Prince Ribbit
  3918 | D:5      | Killed Prince Ribbit
  3918 | D:5      | Reached skill level 5 in Spellcasting
  3918 | D:5      | Reached XP level 7. HP: 12/41 MP: 9/15
  4161 | D:5      | Learned a level 5 spell: Lightning Bolt
  4260 | D:5      | Reached skill level 7 in Air Magic
  4365 | D:5      | Reached skill level 1 in Short Blades
  4376 | D:5      | Reached skill level 1 in Fighting
  4676 | D:5      | Reached XP level 8. HP: 37/51 MP: 11/18
  5352 | D:6      | Found an iron altar of Okawaru.
  5367 | D:6      | Upgraded the game from 0.19-a0-1021-g80cc50c to 0.19-a0-1032-g6b228a8
  5429 | D:6      | Reached skill level 5 in Conjurations
  5981 | D:6      | Found a shimmering altar of Xom.
  6321 | D:6      | Found a staircase to the Ecumenical Temple.
  6330 | Temple   | Entered the Ecumenical Temple
  6529 | Temple   | Became a worshipper of Sif Muna the Loreminder
  6586 | D:6      | Slain by a black bear

Vault maps used:
D:1:      dpeg_arrival_three_same_balls, nemelex_xobeh_ov_fountains_minmay
D:2:      uniq_jessica, uniq_iyjb
D:3:      minitemple, fedhas_altar_2
D:5:      first_bread, serial_glass, glass_columns_c, glass_columns_a,
          uniq_prince_ribbit1
D:6:      okawaru_altar_gauntlet_db, kb_xom_exploding_sheep,
          gup_sewer_entry_spiral, minmay_misc_feat_cross
Temple:   jpeg_temple_clearing

Skill      XL: |  1  2  3  4  5  6  7  8 |
---------------+-------------------------+-----
Conjurations   | 2 3 4 6 |  6.3
Spellcasting   | 4 5 6 |  6.2
Air Magic      | 5 6 7 |  7.2
Dodging        | 3 |  3.0
Short Blades   | 2 |  2.1
Fighting       | 2 3 |  3.3
Stealth        | |  2.1

Action                   |  1- 3 |  4- 6 |  7- 9 || total
-------------------------+-------+-------+-------++-------
Melee: Dagger            |    48 |    46 |    45 ||   139
 Cast: Shock             |    28 |    99 |   133 ||   260
       Lightning Bolt    |       |       |     1 ||     1
  Use: Scroll            |       |       |     2 ||     2
       Potion            |       |       |     1 ||     1
 Stab: Sleeping          |     8 |     4 |     1 ||    13
  Eat: Chunk             |     1 |     8 |     8 ||    17
Armor: Robe              |     4 |    10 |    37 ||    51
Dodge: Dodged            |    38 |    32 |    67 ||   137
